 Dungeon Crawl Stone Soup version 0.27.1-1-g398f81649c (webtiles) character file.

Game seed: 4951123015236480032

2275 Elvor the Cudgeller (level 9, -1/54 HPs)
             Began as a Gargoyle Delver on Sept 13, 2021.
             Was a Believer of Okawaru.
             Slain by a killer bee (7 damage)
             ... on level 7 of the Dungeon.
             The game lasted 00:55:22 (6649 turns).

Elvor the Cudgeller (Gargoyle Delver)               Turns: 6649, Time: 00:55:23

Health: -1/54      AC: 12    Str: 22    XL:     9   Next: 39%
Magic:  9/9        EV: 11    Int: 12    God:    Okawaru [**....]
Gold:   345        SH: 10    Dex: 17    Spells: 8/8 levels left

rFire    . . .     SeeInvis .   x - +1 flail (holy)
rCold    . . .     Faith    .   a - +0 kite shield
rNeg     + . .     Spirit   .   L - +0 leather armour "Xale" {Str+4}
rPois    ∞         Reflect  .   d - +0 helmet
rElec    +         Harm     .   (no cloak)
rCorr    .         Rampage  .   n - +0 pair of gloves
Will     .....                  (no boots)
Stlth    +++.......             (no amulet)
HPRegen  0.18/turn              q - +6 ring of dexterity
MPRegen  0.11/turn              (no ring)

@: no status effects
A: sickness immunity, AC +6, negative energy resistance 1, electricity
resistance, torment resistance 1, petrification resistance
a: Renounce Religion, Heroism


You were on level 7 of the Dungeon.
You worshipped Okawaru.
Okawaru was pleased with you.
You visited 2 branches of the dungeon, and saw 8 of its levels.
You also visited: Sewer and Ossuary.

You collected 345 gold pieces.

Inventory:

Hand Weapons
 b - a +0 hunting sling
 f - a +0 morningstar
 x - a +1 flail of holy wrath (weapon)
Missiles
 k - 28 sling bullets
 m - 190 stones (quivered)
 u - 2 javelins
 D - a curare-tipped dart
Armour
 a - a +0 kite shield (worn)
 d - a +0 helmet (worn)
 j - a +0 chain mail of poison resistance
 n - a +0 pair of gloves (worn)
 L - the +0 leather armour "Xale" (worn) {Str+4}
   (You found it on level 7 of the Dungeon)

   Str:       It affects your strength (+4).
Jewellery
 i - the amulet "Jorech" {Faith rElec rF++ Str-5}
   (You found it on level 5 of the Dungeon)

   [amulet of faith]

   It allows you to gain divine favour quickly.
   Str:       It affects your strength (-5).
   rF:        It greatly protects you from fire.
   rElec:     It insulates you from electricity.
 q - a +6 ring of dexterity (left hand)
Wands
 g - a wand of digging (3)
Scrolls
 c - a scroll of fog
 e - 2 scrolls of fear
 s - 3 scrolls of magic mapping
 t - 2 scrolls of noise {unknown}
 v - 2 scrolls of teleportation {unknown}
 y - 3 scrolls of immolation
 C - a scroll of holy word {unknown}
 E - 2 scrolls of summoning {unknown}
 F - a scroll of vulnerability {unknown}
 G - 3 scrolls of enchant armour
 J - a scroll of amnesia {unknown}
 K - a scroll of enchant weapon {unknown}
Potions
 h - a potion of might
 l - 2 potions of ambrosia
 o - 3 potions of flight
 p - 3 potions of curing
 r - 4 potions of haste
 w - a potion of resistance {unknown}
 z - 2 potions of invisibility
 A - 3 potions of lignification
 B - 3 potions of cancellation {unknown}
 H - a potion of berserk rage {unknown}
 I - 2 potions of degeneration {unknown}


   Skills:
 + Level 5.6 Fighting
 + Level 7.6 Maces & Flails
 + Level 2.0 Throwing
 + Level 5.0 Armour
 + Level 3.2 Dodging
 + Level 6.9 Stealth
 + Level 4.5 Shields
 + Level 1.4 Evocations


You had 8 spell levels left.
You didn't know any spells.
Your spell library contained the following spells:

 Spells                   Type           Power      Damage    Failure   Level
 Corona                   Hex            0%         N/A       83%         1
 Ensorcelled Hibernation  Hex/Ice        0%         N/A       92%         2
 Dazzling Flash           Conj/Hex       0%         N/A       99%         3
 Tukima's Dance           Hex            0%         N/A       99%         3
 Agony                    Necr           0%         N/A       100%        5
 Silence                  Hex/Air        0%         N/A       100%        5


Dungeon Overview and Level Annotations

Branches:
Dungeon (7/15)             Temple (1/1) D:5           Sewer (visited)
Ossuary (visited)

Altars:
Ashenzari
Cheibriados
Dithmenos
Elyvilon
Fedhas
Gozag
Hepliaklqana
Kikubaaqudgha
Makhleb
Okawaru
Qazlal
Sif Muna
Trog
Uskayaw
Wu Jian
Xom
Yredelemnul
Zin
The Shining One

Shops:
D:6 =[

Annotations:
D:6 2 transporters, flestrin's ghost, novice OpBr


Innate Abilities, Weirdness & Mutations

You are immune to sickness and miasma.
Your stone body is resilient. (AC +6)
You are immune to poison.
You resist negative energy. (rN+)
You are resistant to electric shocks. (rElec)
You are resistant to unholy torment.
You are immune to petrification.


Message History

You hit the killer bee.
The killer bee is moderately wounded.
You block the killer bee's attack.
The killer bee stings you but does no damage.
The killer bee barely misses you. The killer bee stings you.
* * * LOW HITPOINT WARNING * * *
You sock the killer bee!
You kill the killer bee!
Okawaru accepts your kill. You block the killer bee's attack. x2
You closely miss the killer bee. You block the killer bee's attack.
The killer bee stings you.
* * * LOW HITPOINT WARNING * * *
The killer bee misses you.
You hit the killer bee.
The killer bee is moderately wounded.
The killer bee stings you.
* * * LOW HITPOINT WARNING * * *
The killer bee stings you but does no damage.
You miss the killer bee.
The killer bee is moderately wounded.
You block the killer bee's attack. The killer bee closely misses you.
You block the killer bee's attack.
You sock the killer bee!
The killer bee is almost dead.
The killer bee stings you.
* * * LOW HITPOINT WARNING * * *
You block the killer bee's attack.
You miss the killer bee.
The killer bee is almost dead.
You block the killer bee's attack. The killer bee stings you.
* * * LOW HITPOINT WARNING * * *
You feel better. You block the killer bee's attack. The killer bee stings you.
* * * LOW HITPOINT WARNING * * *
You miss the killer bee.
The killer bee is almost dead.
The killer bee stings you.
* * * LOW HITPOINT WARNING * * *
The killer bee stings you!
You die...

........# #.........# ###
..........## #.........## ..##
...........###.#.#.#.#.## ...#
...........##............ ...##
.#.#...........#.#.#.#..# ..<.#
.............#..........# ....##
.#.#.........#.#.#.#.#..# .....##
..(....†#.#..#..........#
...............†@...##.#.#.#.#..#
........y.....?y#.#.##..........#
....................#############
...................##
......##.......#####
#......#.>..... ##########..#.
#####


You could see a killer bee.

Vanquished Creatures
  An orc warrior (D:6)
  2 necrophages
  A black bear (D:4)
  A sky beast (D:5)
  3 ogres (D:6)
  2 centaurs
  A phantom (D:4)
  2 kobold brigands
  2 bullfrogs (D:7)
  2 scorpions (D:6)
  5 killer bees (D:7)
  A centaur zombie (D:5)
  A hound (D:5)
  A bullfrog skeleton (D:6)
  An orc priest (D:3)
  2 centaur skeletons
  2 iguanas
  4 orc wizards
  2 hound skeletons
  12 mummies (Ossuary)
  A gnoll (D:5)
  10 adders
  A river rat (Sewer)
  An adder skeleton (D:4)
  A worm (D:2)
  2 dart slugs
  12 orcs
  2 ball pythons
  6 endoplasms
  5 giant cockroaches
  8 goblins
  8 hobgoblins
  7 jackals
  5 quokkas
  3 bats
  12 frilled lizards
  3 gnoll skeletons (Ossuary)
  A goblin skeleton (Ossuary)
  13 kobolds
  2 kobold skeletons (Ossuary)
  2 orc skeletons (Ossuary)
  9 rats
  11 rat skeletons (Ossuary)
173 creatures vanquished.

Notes
Turn   | Place    | Note
-------+----------+-------------------------------------------
     0 | D:5      | Elvor the Gargoyle Delver began the quest for the Orb.
     0 | D:5      | Reached XP level 1. HP: 14/14 MP: 1/1
    17 | D:5      | Noticed a hound
   137 | D:5      | Found a staircase to the Ecumenical Temple.
   150 | D:5      | Identified the amulet "Jorech" {Faith rElec rF++ Str-5}
   159 | Temple   | Entered the Ecumenical Temple
   480 | D:5      | Found a blossoming altar of Fedhas.
   630 | D:4      | Found a shimmering blue altar of Sif Muna.
   662 | D:4      | Noticed a black bear
   789 | D:4      | Reached XP level 2. HP: 17/19 MP: 2/2
   810 | D:4      | Noticed a phantom
   976 | D:3      | Found a glowing drain.
  1018 | Sewer    | Entered a sewer
  1038 | Sewer    | Reached XP level 3. HP: 13/23 MP: 3/3
  1208 | Sewer    | Noticed a kobold brigand
  1248 | Sewer    | Killed a kobold brigand
  1249 | Sewer    | Reached skill level 3 in Maces & Flails
  1249 | Sewer    | Reached skill level 1 in Armour
  1249 | Sewer    | Reached XP level 4. HP: 17/28 MP: 4/4
  1382 | Sewer    | Found a white marble altar of Elyvilon.
  1828 | D:2      | Reached XP level 5. HP: 27/32 MP: 5/5
  2971 | D:2      | Found a faded altar of an unknown god.
  3062 | D:3      | Found a shadowy altar of Dithmenos.
  3165 | D:3      | Reached skill level 4 in Maces & Flails
  3165 | D:3      | Reached XP level 6. HP: 29/38 MP: 6/6
  3855 | D:4      | Found a basalt altar of Yredelemnul.
  3912 | D:4      | Found a snail-covered altar of Cheibriados.
  3955 | D:4      | Killed a black bear
  3956 | D:4      | Reached skill level 1 in Shields
  4067 | D:4      | Reached XP level 7. HP: 43/43 MP: 7/7
  4705 | D:5      | Reached skill level 5 in Maces & Flails
  4725 | D:5      | Found an iron altar of Okawaru.
  4736 | D:5      | Became a worshipper of Warmaster Okawaru
  4885 | D:5      | Reached skill level 1 in Throwing
  5045 | D:5      | Found a hide-covered altar of Uskayaw.
  5056 | D:5      | Reached XP level 8. HP: 42/48 MP: 8/8
  5126 | D:6      | Found Diroc's Antique Armour Shoppe.
  5167 | D:6      | Found a transporter.
  5167 | D:6      | Noticed flestrin's ghost (novice OpBr)
  5170 | D:6      | Noticed a wraith
  5186 | D:6      | Reached * piety under Okawaru
  5188 | D:6      | Found a transporter.
  5220 | D:6      | Found a sand-covered staircase.
  5224 | Ossuary  | Entered an ossuary
  5506 | Ossuary  | Reached skill level 6 in Maces & Flails
  5636 | D:6      | Found a broken altar of Ashenzari.
  5749 | D:6      | Found Luedgheg's Jewellery Boutique.
  5767 | D:6      | Reached skill level 5 in Fighting
  5797 | D:6      | Reached ** piety under Okawaru
  6074 | D:6      | Reached skill level 7 in Maces & Flails
  6104 | D:6      | Found a bloodstained altar of Trog.
  6110 | D:6      | Reached XP level 9. HP: 54/54 MP: 9/9
  6112 | D:6      | Reached skill level 1 in Evocations
  6370 | D:7      | Found a glowing silver altar of Zin.
  6377 | D:7      | Identified the +0 leather armour "Xale" {Str+4}
  6637 | D:7      | Reached skill level 5 in Armour
  6649 | D:7      | Slain by a killer bee

Illustrated notes

Levels and vault maps discovered:
D:1:      lightli_molten_gateway, layout_loops_ring, chequers_decorated_corner,
          minmay_split_cup_small
D:2:      layout_basic, dilly_ecumenical_altar_fadedgnrine, minmay_lizard_pond
D:3:      layout_loops_ring, amcnicky_altar_gilded, portal_sewer_entry_f,
          minivault_27
D:4:      layout_basic, kennysheep_little_box, mainiacjoe_overflow_tiny_flanked,
          lemuel_doored_altar, feat_on_display
D:5:      layout_basic, okawaru_altar_gauntlet_db, kennysheep_mini,
          fedhas_altar_2, minmay_temple_entry_sparse_star, hex_large
D:6:      layout_loops_ring, trog_antimagical, old_standard_altar,
          gammafunk_ghost_arena, serial_shops, nicolae_shop_crystal,
          enter_ossuary_5, nicolae_stop_n_shop_2
D:7:      layout_cave_pods, mainiacjoe_overflow_paths,
          mainiacjoe_overflow_concentric_impassable, serial_glass,
          glass_columns_a, glass_columns_b, glass_columns_a, glass_columns_c,
          glass_columns_a, glass_columns_c, glass_columns_a, glass_columns_b,
          due_unseen_surprise, minmay_strange_pillars
Temple:   compressed_dpeg_triangle_lava_temple

Skill      XL: |  1  2  3  4  5  6  7  8  9 |
---------------+----------------------------+-----
Stealth        | 6 |  6.9
Maces & Flails | 3 4 5 7 |  7.6
Armour         | 1 2 4 5 |  5.0
Dodging        | 2 3 |  3.2
Fighting       | 4 5 |  5.6
Shields        | 1 2 3 4 |  4.5
Throwing       | 1 2 |  2.0
Evocations     | 1 |  1.4

Action                   |  1- 3 |  4- 6 |  7- 9 || total
-------------------------+-------+-------+-------++-------
Melee: Mace              |    60 |    99 |       ||   159
       Flail             |       |   135 |   266 ||   401
Throw: Stone             |     3 |    19 |    25 ||    47
       Dart              |       |     1 |     7 ||     8
Invok: Heroism           |       |       |     1 ||     1
Evoke: Wand              |       |       |    14 ||    14
  Use: Scroll            |     1 |       |     6 ||     7
       Potion            |     2 |     2 |     2 ||     6
 Stab: Sleeping          |     1 |    18 |     3 ||    22
Armor: Leather armour    |    21 |    99 |    51 ||   171
       Scale mail        |       |    10 |    94 ||   104
       Chain mail        |       |       |    16 ||    16
Dodge: Dodged            |    55 |   115 |   152 ||   322
Block: Kite shield       |       |    38 |   171 ||   209
